AoeStats
← Arctic Empire

Black Forest

509731649Analyzed
4v4 RM · 5d ago on Sep 27, 2026· 68m 44s· 8 players
Game mode
Random Map
Map size
Large (8 player)
Population
200
Speed
Normal
Resources
Standard
Victory
Conquest
Starting age
Dark Age
Ending age
Imperial Age
RankedLock teamsTeams togetherTeam positionsShared explorationLock speedFull tech treeHidden civsTurbo modeCheats
Victory
Defeat
🇦🇷 Italians · Argentina
1424
+11
🇲🇽 Georgians · Mexico
1365
+13
🇪🇸 Koreans · Spain
1309
+15
1062
+25
🇫🇷 Danes · France
1306
-17
🇫🇷 Britons · France
1300
-16
🇹🇷 Varangians · Türkiye
1291
-16
🇦🇷 Khmer · Argentina
1275
-15
FxSquale
0:36 Loom
11:10 Feudal Age
16:21 Castle Age
15:06 Double-Bit Axe
15:28 Horse Collar
17:43 Bow Saw
20:19 Town Watch
25:35 Wheelbarrow
26:46 Hand Cart
26:48 Heavy Plow
30:26 Imperial Age
27:58 Fletching
28:25 Gold Mining
29:01 Ballistics
28:56 Bodkin Arrow
29:02 Padded Archer Armor
29:12 Stone Mining
30:14 Yeomen
30:53 Gold Shaft Mining
30:36 Caravan
31:14 Leather Archer Armor
31:12 Warwolf
32:58 Two-Man Saw
32:25 Conscription
32:28 Bracer
33:32 Chemistry
33:46 Siege Engineers
33:06 Elite Longbowman
35:21 Ring Archer Armor
Gen ALPHA RIZZLER 67
5:40 Loom
10:50 Feudal Age
14:40 Castle Age
13:52 Double-Bit Axe
13:48 Horse Collar
17:31 Bow Saw
21:20 Wheelbarrow
20:31 Town Watch
20:49 Heavy Plow
23:10 Hand Cart
26:34 Fervor
27:11 Gold Mining
27:18 Stone Mining
27:49 Bloodlines
27:41 Husbandry
27:04 Light Cavalry
28:09 Scale Barding Armor
28:57 Stone Shaft Mining
31:21 Imperial Age
30:59 Town Patrol
31:20 Chain Barding Armor
31:11 Forging
31:19 Treadmill Crane
31:50 Masonry
32:51 Caravan
33:23 Coinage
33:03 Guilds
33:50 Plate Barding Armor
33:51 Iron Casting
33:17 Scale Mail Armor
34:16 Crop Rotation
33:09 Elite Jarl
34:33 Conscription
35:38 Blast Furnace
36:07 Ballistics
36:48 Chemistry
36:21 Architecture
36:41 Chain Mail Armor
36:16 Fletching
37:29 Banking
38:00 Plate Mail Armor
37:26 Bodkin Arrow
42:08 Bracer
43:20 Elite Varangian Guard
44:01 Squires
43:46 Arson
43:23 Gothikon
45:45 Two-Man Saw
45:28 Fortified Wall
57:45 Siege Engineers
58:21 Onager
58:57 Pikeman
Sc100Pitie
7:12 Loom
9:39 Feudal Age
9:52 Man-at-Arms
12:28 Double-Bit Axe
13:09 Horse Collar
17:50 Wheelbarrow
23:33 Castle Age
22:51 Scale Mail Armor
22:44 Gold Mining
24:48 Bow Saw
24:39 Heavy Plow
26:02 Chain Mail Armor
31:27 Gold Shaft Mining
32:38 Hand Cart
35:18 Imperial Age
33:51 Stone Mining
35:51 Capped Ram
37:15 Stone Shaft Mining
37:06 Town Watch
37:12 Siege Ram
38:20 Conscription
37:49 Onager
39:14 Northmen's Fury
40:42 Siege Engineers
40:19 Siege Onager
41:38 Long Swordsman
42:50 Plate Mail Armor
42:16 Two-Handed Swordsman
44:18 Forging
44:52 Champion
51:03 Pikeman
52:48 Squires
56:20 Iron Casting
57:22 Caravan
-Jark-
5:04 Loom
9:59 Feudal Age
10:37 Double-Bit Axe
11:15 Horse Collar
14:37 Scale Barding Armor
14:42 Forging
17:51 Forging
18:12 Bloodlines
23:15 Castle Age
24:02 Light Cavalry
24:43 Husbandry
25:22 Bow Saw
25:15 Heavy Plow
27:49 Wheelbarrow
29:59 Gold Mining
30:00 Stone Mining
33:11 Imperial Age
33:43 Hand Cart
34:59 Elite Battle Elephant
36:01 Chain Barding Armor
37:06 Crop Rotation
37:41 Plate Barding Armor
37:42 Iron Casting
37:38 Siege Engineers
37:16 Capped Ram
38:48 Town Watch
39:51 Conscription
39:33 Tusk Swords
40:52 Siege Ram
42:07 Caravan
42:06 Hussar
44:30 Blast Furnace
46:52 Heavy Scorpion
48:50 Chemistry
47:40 Heated Shot
48:11 Ballistics
50:02 Double Crossbow
54:15 Elite Ballista Elephant
57:14 Masonry
62:52 Scale Mail Armor
62:47 Fletching
62:57 Padded Archer Armor
63:45 Elite Skirmisher
66:12 Bodkin Arrow
67:06 Bracer
68:17 Leather Archer Armor
FlashKiller
10:39 Feudal Age
8:54 Loom
15:17 Castle Age
13:39 Horse Collar
14:06 Double-Bit Axe
15:49 Wheelbarrow
16:29 Forging
16:56 Bloodlines
20:27 Husbandry
26:46 Bow Saw
29:30 Gold Mining
30:18 Stone Mining
35:07 Imperial Age
33:06 Hand Cart
34:43 Treadmill Crane
35:10 Onager
36:56 Chemistry
36:53 Siege Engineers
36:29 Siege Onager
37:52 Town Watch
38:45 Iron Casting
38:16 Scale Barding Armor
40:35 Svan Towers
40:30 Guard Tower
42:50 Conscription
43:33 Keep
43:19 Ballistics
43:26 Ballistics
42:27 Heavy Scorpion
43:23 Caravan
43:59 Light Cavalry
45:02 Chain Barding Armor
45:43 Blast Furnace
45:17 Aznauri Cavalry
44:47 Hussar
51:12 Plate Barding Armor
59:20 Capped Ram
62:55 Fletching
66:58 Siege Ram
Blas de lezo
5:51 Loom
11:16 Feudal Age
12:22 Double-Bit Axe
13:04 Horse Collar
14:43 Wheelbarrow
17:01 Bloodlines
18:40 Forging
23:03 Castle Age
24:05 Bow Saw
24:18 Caravan
26:21 Silk Road
26:16 Heavy Plow
32:58 Imperial Age
34:31 Conscription
34:31 Fletching
35:06 Ballistics
35:47 Chemistry
35:09 Ballistics
35:24 Hand Cart
34:52 Elite Genoese Crossbowman
35:42 Bodkin Arrow
36:39 Bracer
39:06 Masonry
38:36 Treadmill Crane
40:55 Pirotechnia
43:10 Architecture
47:30 Padded Archer Armor
54:02 Leather Archer Armor
56:19 Husbandry
62:00 Thumb Ring
65:48 Town Watch
Arctic Empire
1:56 Loom
11:39 Feudal Age
12:26 Double-Bit Axe
16:56 Horse Collar
19:46 Castle Age
21:07 Heavy Plow
22:10 Fortified Wall
24:06 Bow Saw
23:50 Treadmill Crane
25:42 Fletching
28:34 Stone Mining
28:36 Gold Mining
31:04 Wheelbarrow
33:09 Imperial Age
31:10 Ballistics
31:05 Bodkin Arrow
32:15 Hand Cart
31:45 Town Watch
32:46 Murder Holes
33:02 Masonry
34:52 Two-Man Saw
33:16 Elite Skirmisher
34:19 Conscription
34:12 Thumb Ring
33:53 Heavy Rocket Cart
34:49 Siege Engineers
35:11 Eupseong
35:15 Town Patrol
36:42 Bracer
39:31 Shinkichon
41:41 Chemistry
41:12 Architecture
40:28 Arrowslits
55:48 Caravan
Estoy como loquita
3:21 Loom
11:41 Feudal Age
17:21 Double-Bit Axe
25:24 Castle Age
23:47 Stone Mining
23:49 Horse Collar
29:17 Bow Saw
37:12 Imperial Age
35:00 Heavy Plow
37:39 Imperial Age
35:15 Gold Mining
35:06 Pikeman
35:46 Squires
35:32 Gambesons
36:00 Forging
37:40 Wheelbarrow
38:01 Iron Casting
37:26 Scale Mail Armor
39:07 Gold Shaft Mining
39:39 Two-Man Saw
40:56 Chain Mail Armor
40:47 Scale Barding Armor
41:27 Hand Cart
40:50 Halberdier
42:18 Plate Mail Armor
43:21 Conscription
45:05 Logistica
44:17 Elite Cataphract
48:40 Caravan
49:11 Coinage
50:39 Fletching
51:11 Chain Barding Armor
52:27 Hoardings
53:02 Light Cavalry
53:42 Husbandry
54:16 Banking
54:26 Plate Barding Armor
54:07 Arson
53:48 Hussar
55:12 Bodkin Arrow
64:49 Bracer
Connection lost

Rejoining the realm…

Still unreachable

The connection could not be restored.

Session expired

The server has moved on; the page needs a fresh start.